3AA
SALEM MISFITS @ BATTLE GROUND AEROS
08/16/2023
 
TOP OF THE 1ST
Salem Misfits batting - Pitching for Battle Ground Aeros : RHP Eduardo Hernández
Pitching: RHP Eduardo Hernández
Batting: RHB Luis Martínez 0-0: Ball
1-0: Ball
2-0: Swinging Strike
2-1: Foul Ball, location: 2F
2-2: Foul Ball, location: 2F
2-2: Strikes out looking
Batting: LHB Brent van Schoonhoven 0-0: SINGLE (Line Drive, 7S)
Batting: RHB Steve Duncan 0-0: Called Strike
0-1: Ball
1-1: SINGLE (Groundball, 6D) (infield hit)
Brent van Schoonhoven to second
Batting: SHB Arturo Romero 0-0: SINGLE (Line Drive, 34D)
Brent van Schoonhoven to third
Steve Duncan to second
Batting: RHB Miguel Torres 0-0: Ball
1-0: Foul Ball, location: 2F
1-1: Swinging Strike
1-2: Foul Ball, location: 2F
1-2: Strikes out swinging
Batting: RHB Ramón Ávila 0-0: Called Strike
0-1: Ball
1-1: Called Strike
1-2: Foul Ball, location: 2F
1-2: Strikes out swinging
Top of the 1st over - 0 run(s), 3 hit(s), 0 error(s), 3 left on base; Salem 0 - Battle Ground 0
BOTTOM OF THE 1ST
Battle Ground Aeros batting - Pitching for Salem Misfits : RHP Juan Torres
Pitching: RHP Juan Torres
Batting: RHB Raúl Guerrero 0-0: Called Strike
0-1: Ball
1-1: Foul Ball, location: 2F
1-2: SINGLE (Groundball, 34)
Batting: RHB Stephen Johnson 0-0: Ball
1-0: SINGLE (Groundball, 34D) (infield hit)
Raúl Guerrero to second
Batting: RHB Brandon McCullough 0-0: Called Strike
0-1: Ground out 5-3 (Groundball, 5S)
Raúl Guerrero to third
Stephen Johnson to second
Batting: LHB Edgardo Téllez 0-0: Ball
1-0: Swinging Strike
1-1: Ball
2-1: Fly out, F5 (Popup, 25F)
Batting: RHB Jaime Chavarriaga 0-0: Ground out 6-3 (Groundball, 4M)
Bottom of the 1st over - 0 run(s), 2 hit(s), 0 error(s), 2 left on base; Salem 0 - Battle Ground 0
TOP OF THE 2ND
Salem Misfits batting - Pitching for Battle Ground Aeros : RHP Eduardo Hernández
Batting: RHB Raúl Reyna 0-0: Foul Ball, location: 2F
0-1: Ground out 5-3 (Groundball, 5)
Batting: RHB Ernesto Souza 0-0: Foul Ball, location: 2F
0-1: Ball
1-1: Called Strike
1-2: Ball
2-2: Strikes out swinging
Batting: RHB Jim Unknown 0-0: Foul Ball, location: 2F
0-1: Ball
1-1: Ground out 4-3 (Groundball, 4M)
Top of the 2nd over - 0 run(s), 0 hit(s), 0 error(s), 0 left on base; Salem 0 - Battle Ground 0
BOTTOM OF THE 2ND
Battle Ground Aeros batting - Pitching for Salem Misfits : RHP Juan Torres
Batting: RHB Artie Miller 0-0: Ball
1-0: Foul Ball, location: 2F
1-1: Ground out 1-3 (Groundball, 15)
Batting: LHB Jim Unknown 0-0: SINGLE (Line Drive, 89S)
Batting: RHB Jim Unknown 0-0: Ball
1-0: Foul Ball, location: 2F
1-1: Ball
2-1: Ball
3-1: Grounds into double play, 1-6-3 (Groundball, 15S)
Bottom of the 2nd over - 0 run(s), 1 hit(s), 0 error(s), 0 left on base; Salem 0 - Battle Ground 0
TOP OF THE 3RD
Salem Misfits batting - Pitching for Battle Ground Aeros : RHP Eduardo Hernández
Batting: RHB Luis Martínez 0-0: Called Strike
0-1: Ball
1-1: Ground out U3 (Groundball, 3)
Batting: LHB Brent van Schoonhoven 0-0: Called Strike
0-1: Fly out, F3 (Popup, 3DF)
Batting: RHB Steve Duncan 0-0: Ball
1-0: Ball
2-0: Ball
3-0: Called Strike
3-1: Base on Balls
Batting: SHB Arturo Romero 0-0: Ball
Steve Duncan is caught stealing 2nd base
Top of the 3rd over - 0 run(s), 0 hit(s), 0 error(s), 0 left on base; Salem 0 - Battle Ground 0
BOTTOM OF THE 3RD
Battle Ground Aeros batting - Pitching for Salem Misfits : RHP Juan Torres
Batting: LHB Nelson Castillo 0-0: Ball
1-0: Ground out 1-3 (Groundball, 13S)
Batting: RHB Raúl Guerrero 0-0: Ball
1-0: Ball
2-0: Ball
3-0: Base on Balls
Batting: RHB Stephen Johnson 0-0: Ball
1-0: Called Strike
1-1: Ball
2-1: Ball
3-1: Called Strike
3-2: Foul Ball, location: 2F
3-2: Foul Ball, location: 2F
3-2: SINGLE (Groundball, 4MD)
Raúl Guerrero to second
Raúl Guerrero to third
Batting: RHB Brandon McCullough 0-0: Fly out, F4 (Line Drive, 4M)
Batting: LHB Edgardo Téllez 0-0: Called Strike
0-1: Ball
1-1: Foul Ball, location: 2F
1-2: Ball
2-2: Foul Ball, location: 2F
2-2: Strikes out swinging
Bottom of the 3rd over - 0 run(s), 1 hit(s), 0 error(s), 2 left on base; Salem 0 - Battle Ground 0
TOP OF THE 4TH
Salem Misfits batting - Pitching for Battle Ground Aeros : RHP Eduardo Hernández
Batting: SHB Arturo Romero 0-0: Ball
1-0: Ball
2-0: Ball
3-0: Called Strike
3-1: Called Strike
3-2: Foul Ball, location: 2F
3-2: Ground out 3-1 (Groundball, 34)
Batting: RHB Miguel Torres 0-0: Swinging Strike
0-1: Foul Ball, location: 2F
0-2: Ball
1-2: Ball
2-2: Foul Ball, location: 2F
2-2: SINGLE (Groundball, 34D)
Batting: RHB Ramón Ávila 0-0: Foul Ball, location: 2F
0-1: Grounds into double play, 4-6-3 (Groundball, 4)
Top of the 4th over - 0 run(s), 1 hit(s), 0 error(s), 0 left on base; Salem 0 - Battle Ground 0
BOTTOM OF THE 4TH
Battle Ground Aeros batting - Pitching for Salem Misfits : RHP Juan Torres
Batting: RHB Jaime Chavarriaga 0-0: Ball
1-0: SINGLE (Groundball, 4M)
Batting: RHB Artie Miller 0-0: Fly out, F9 (Flyball, 9S)
Batting: LHB Jim Unknown 0-0: Ball
1-0: SINGLE (Line Drive, 9LS)
Jaime Chavarriaga to second
Batting: RHB Jim Unknown 0-0: Ball
1-0: Called Strike
1-1: Ball
2-1: Foul Ball, location: 2F
2-2: Ball
3-2: Base on Balls
Jaime Chavarriaga to third
Jim Unknown to second
Batting: LHB Nelson Castillo 0-0: Ball
1-0: Called Strike
1-1: Foul Ball, location: 2F
1-2: Ball
2-2: Ball
3-2: Fly out, F7 (Line Drive, 7M)
Runner from 3rd tags up, SCORES, throw made
Batting: RHB Raúl Guerrero 0-0: Ball
1-0: Foul Ball, location: 2F
1-1: Called Strike
1-2: Ball
2-2: SINGLE (Line Drive, 89S)
Jim Unknown to third
Jim Unknown to second
Runner from 3rd tries for Home, SAFE, no throw or cutoff
Batting: RHB Stephen Johnson 0-0: SINGLE (Line Drive, 34)
Jim Unknown to third
Raúl Guerrero to second
Runner from 3rd tries for Home, SAFE, no throw or cutoff
Batting: RHB Brandon McCullough 0-0: Ball
1-0: Foul Ball, location: 2F
1-1: Ground out 6-3 (Groundball, 56)
Bottom of the 4th over - 3 run(s), 4 hit(s), 0 error(s), 2 left on base; Salem 0 - Battle Ground 3
TOP OF THE 5TH
Salem Misfits batting - Pitching for Battle Ground Aeros : RHP Eduardo Hernández
Batting: RHB Raúl Reyna 0-0: Called Strike
0-1: Ball
1-1: Called Strike
1-2: Strikes out swinging
Batting: RHB Ernesto Souza 0-0: SINGLE (Groundball, 6D)
Batting: RHB Jim Unknown 0-0: Fly out, F3 (Popup, 34S)
Batting: RHB Luis Martínez 0-0: Ball
1-0: Foul Ball, location: 2F
1-1: Fielders Choice at 2nd, 5-4 (Groundball, 56)
Top of the 5th over - 0 run(s), 1 hit(s), 0 error(s), 0 left on base; Salem 0 - Battle Ground 3
BOTTOM OF THE 5TH
Battle Ground Aeros batting - Pitching for Salem Misfits : RHP Juan Torres
Batting: LHB Edgardo Téllez 0-0: Ball
1-0: Ball
2-0: Foul Ball, location: 2F
2-1: Foul Ball, location: 2F
2-2: Fly out, F7 (Flyball, 78D)
Batting: RHB Jaime Chavarriaga 0-0: Foul Ball, location: 2F
0-1: Foul Ball, location: 2F
0-2: Fly out, F9 (Flyball, 89M)
Batting: RHB Artie Miller 0-0: Called Strike
0-1: Ball
1-1: Called Strike
1-2: Fly out, F8 (Flyball, 8RXD)
Bottom of the 5th over - 0 run(s), 0 hit(s), 0 error(s), 0 left on base; Salem 0 - Battle Ground 3
TOP OF THE 6TH
Salem Misfits batting - Pitching for Battle Ground Aeros : RHP Eduardo Hernández
Batting: LHB Brent van Schoonhoven 0-0: Called Strike
0-1: Ball
1-1: Swinging Strike
1-2: Foul Ball, location: 2F
1-2: Strikes out looking
Batting: RHB Steve Duncan 0-0: Ball
1-0: Ball
2-0: Swinging Strike
2-1: Swinging Strike
2-2: Ball
3-2: Base on Balls
Batting: SHB Arturo Romero 0-0: Ball
1-0: Called Strike
Steve Duncan is caught stealing 2nd base
1-1: Swinging Strike
1-2: SINGLE (Groundball, 34)
Batting: RHB Miguel Torres 0-0: Ball
1-0: Ball
2-0: Ball
3-0: Called Strike
3-1: SINGLE (Groundball, 34S)
Arturo Romero to second
Runner from 2nd tries for 3rd, SAFE, throw made to third
Batting: RHB Ramón Ávila 0-0: Called Strike
0-1: Ball
1-1: Foul Ball, location: 2F
1-2: Foul Ball, location: 2F
1-2: Foul Ball, location: 2F
1-2: Ball
2-2: Ball
3-2: Base on Balls
Miguel Torres to second
Batting: RHB Raúl Reyna 0-0: Ball
1-0: Foul Ball, location: 2F
1-1: Foul Ball, location: 2F
1-2: Ball
2-2: Ball
Wild Pitch!
Arturo Romero scores
Miguel Torres to third
Ramón Ávila to second
3-2: Foul Ball, location: 2F
3-2: Strikes out swinging
Top of the 6th over - 1 run(s), 2 hit(s), 0 error(s), 2 left on base; Salem 1 - Battle Ground 3
BOTTOM OF THE 6TH
Battle Ground Aeros batting - Pitching for Salem Misfits : RHP Juan Torres
Batting: LHB Jim Unknown 0-0: Ball
1-0: Called Strike
1-1: Foul Ball, location: 2F
1-2: Foul Ball, location: 2F
1-2: Ground out U3 (Groundball, 3)
Batting: RHB Jim Unknown 0-0: Foul Ball, location: 2F
0-1: Foul Ball, location: 2F
0-2: Ball
1-2: SINGLE (Groundball, 4M)
Batting: LHB Nelson Castillo Pickoff Throw to First - Out!
0-0: Called Strike
0-1: Ball
1-1: Ball
2-1: SINGLE (Groundball, 56)
Batting: RHB Raúl Guerrero 0-0: Called Strike
0-1: Ball
1-1: Ball
2-1: Ball
3-1: SINGLE (Groundball, 34D)
Nelson Castillo to second
Runner from 2nd tries for 3rd, SAFE, throw made to third
Batting: RHB Stephen Johnson 0-0: Ball
1-0: Called Strike
1-1: Ball
2-1: Foul Ball, location: 2F
2-2: Ball
3-2: DOUBLE (Line Drive, 78M)
Nelson Castillo scores
Raúl Guerrero to third
Raúl Guerrero scores
Batting: RHB Brandon McCullough 0-0: Ball
1-0: SINGLE (Line Drive, 56)
Stephen Johnson to third
Runner from 3rd tries for Home, SAFE, no throw or cutoff
Pitching: RHP Zach Wells
Batting: LHB Edgardo Téllez 0-0: Foul Ball, location: 2F
0-1: Called Strike
0-2: Ball
1-2: Ball
2-2: Ball
Wild Pitch!
Brandon McCullough to second
3-2: Foul Ball, location: 2F
3-2: Base on Balls
Batting: RHB Jaime Chavarriaga 0-0: Ball
1-0: Called Strike
1-1: Ball
2-1: Ball
3-1: Swinging Strike
3-2: Strikes out swinging
Bottom of the 6th over - 3 run(s), 5 hit(s), 0 error(s), 2 left on base; Salem 1 - Battle Ground 6
TOP OF THE 7TH
Salem Misfits batting - Pitching for Battle Ground Aeros : RHP Eduardo Hernández
Batting: RHB Ernesto Souza 0-0: Fly out, F8 (Flyball, 8LM)
Batting: RHB Jim Unknown 0-0: Ball
1-0: Ball
2-0: Ball
3-0: Base on Balls
Batting: RHB Luis Martínez 0-0: Ball
1-0: Foul Ball, location: 2F
1-1: Called Strike
1-2: Ball
2-2: Fly out, F8 (Flyball, 8RM)
Batting: LHB Brent van Schoonhoven 0-0: SINGLE (Line Drive, 89S)
Jim Unknown to second
Batting: RHB Steve Duncan 0-0: Ball
1-0: Called Strike
1-1: Ball
2-1: Foul Ball, location: 2F
2-2: Foul Ball, location: 2F
2-2: Foul Ball, location: 2F
2-2: Ball
3-2: Ground out 5-3 (Groundball, 5)
Top of the 7th over - 0 run(s), 1 hit(s), 0 error(s), 2 left on base; Salem 1 - Battle Ground 6
BOTTOM OF THE 7TH
Battle Ground Aeros batting - Pitching for Salem Misfits : RHP Zach Wells
Batting: RHB Artie Miller 0-0: Ball
1-0: Ball
2-0: Foul Ball, location: 2F
2-1: Ball
3-1: Swinging Strike
3-2: Base on Balls
Batting: LHB Jim Unknown 0-0: Sac Bunt - play at first, batter OUT! 1-4
Artie Miller to second
Batting: RHB Jim Unknown 0-0: Ball
1-0: Ball
2-0: Ball
3-0: Base on Balls
Batting: LHB Nelson Castillo 0-0: Ball
1-0: Ball
2-0: Foul Ball, location: 2F
2-1: Ball
3-1: Foul Ball, location: 2F
3-2: Foul Ball, location: 2F
3-2: Foul Ball, location: 2F
3-2: Base on Balls
Artie Miller to third
Jim Unknown to second
Batting: RHB Raúl Guerrero 0-0: Called Strike
0-1: SINGLE (Line Drive, 56D)
Artie Miller scores
Jim Unknown to third
Nelson Castillo to second
Batting: RHB Stephen Johnson 0-0: Ball
1-0: Foul Ball, location: 2F
1-1: TRIPLE (Flyball, 78M)
Jim Unknown scores
Nelson Castillo scores
Raúl Guerrero scores
Pitching: RHP Darren Butler
Batting: RHB Brandon McCullough 0-0: Ball
1-0: Ground out 6-3 (Groundball, 6)
Stephen Johnson scores
Batting: LHB Edgardo Téllez 0-0: Ball
1-0: Ball
2-0: Ball
3-0: Called Strike
3-1: Called Strike
3-2: Base on Balls
Batting: RHB Jaime Chavarriaga 0-0: Called Strike
0-1: Ball
1-1: Ball
2-1: Ball
3-1: DOUBLE (Line Drive, 9LS)
Edgardo Téllez to third
Runner from 3rd tries for Home, SAFE, no throw or cutoff
Pinch Hitting: SHB Jim Unknown 0-0: Ball
1-0: Swinging Strike
1-1: Swinging Strike
1-2: Strikes out swinging
Bottom of the 7th over - 6 run(s), 3 hit(s), 0 error(s), 1 left on base; Salem 1 - Battle Ground 12
TOP OF THE 8TH
Salem Misfits batting - Pitching for Battle Ground Aeros : RHP Eduardo Hernández
Pitching: RHP Javier Reyes
Now at 1B: Jim Unknown
Batting: SHB Arturo Romero 0-0: Ball
1-0: Ball
2-0: Ground out 1-3 (Groundball, 13)
Batting: RHB Miguel Torres 0-0: Ball
1-0: Ground out 6-3 (Groundball, 6)
Batting: RHB Ramón Ávila 0-0: Swinging Strike
0-1: Foul Ball, location: 2F
0-2: Strikes out looking
Top of the 8th over - 0 run(s), 0 hit(s), 0 error(s), 0 left on base; Salem 1 - Battle Ground 12
BOTTOM OF THE 8TH
Battle Ground Aeros batting - Pitching for Salem Misfits : RHP Darren Butler
Batting: LHB Jim Unknown 0-0: Ball
1-0: Ball
2-0: Ball
3-0: Called Strike
3-1: SINGLE (Groundball, 34D)
Pinch Hitting: RHB Jim Unknown 0-0: Called Strike
Jim Unknown steals 2nd base
0-1: Ball
1-1: Called Strike
1-2: Fly out, F7 (Flyball, 7M)
Batting: LHB Nelson Castillo 0-0: Ball
Jim Unknown is caught stealing 3rd base
1-0: Ball
2-0: Called Strike
2-1: Ball
3-1: Swinging Strike
3-2: Foul Ball, location: 2F
3-2: Base on Balls
Batting: RHB Raúl Guerrero 0-0: Ball
1-0: Called Strike
1-1: Foul Ball, location: 2F
1-2: Ball
2-2: Fly out, F8 (Flyball, 78S)
Bottom of the 8th over - 0 run(s), 1 hit(s), 0 error(s), 1 left on base; Salem 1 - Battle Ground 12
TOP OF THE 9TH
Salem Misfits batting - Pitching for Battle Ground Aeros : RHP Javier Reyes
Now in RF: Jim Unknown
Batting: RHB Raúl Reyna 0-0: Ball
1-0: Ball
2-0: Called Strike
2-1: Fly out, F9 (Flyball, 9M)
Batting: RHB Ernesto Souza 0-0: Ball
1-0: Called Strike
1-1: Ball
2-1: Ball
3-1: Swinging Strike
3-2: Ground out 5-3 (Groundball, 56)
Batting: RHB Jim Unknown 0-0: Swinging Strike
0-1: Ball
1-1: Foul Ball, location: 2F
1-2: Strikes out swinging
Top of the 9th over - 0 run(s), 0 hit(s), 0 error(s), 0 left on base; Salem 1 - Battle Ground 12
This league is powered by Out of the Park Baseball, the baseball management simulation game for PC, Mac and Linux
Friday, July 8th, 2016 - OOTP Baseball 16.9 Build 39